% Time on Ice - EDMONTON ICE
Lines # - Real PCT - Wanted PCT - Time Play
Normal Forward
1 - 35% - 36% - 19:17
2 - 33% - 33% - 17:52
3 - 23% - 24% - 12:40
4 - 8% - 7% - 4:33
Normal Defense
1 - 36% - 37% - 19:48
2 - 27% - 32% - 14:56
3 - 28% - 23% - 15:06
4 - 8% - 8% - 4:32
PP Forward
1 - 39% - 60% - 0:52
2 - 61% - 40% - 1:20
PP Defense
1 - 50% - 60% - 1:06
2 - 50% - 40% - 1:06
PK Forward
1 - 95% - 60% - 1:23
2 - 5% - 40% - 0:04
PK Defense
1 - 49% - 60% - 0:43
2 - 51% - 40% - 0:44
PK3 Forward
1 - 0% - 55%
2 - 0% - 45%
PK3 Defense
1 - 0% - 55%
2 - 0% - 45%
44 Forward
1 - 76% - 55% - 1:31
2 - 24% - 45% - 0:28
44 Defense
1 - 76% - 55% - 1:31
2 - 24% - 45% - 0:28
Last Minute Offensive  - 0:00
Last Minute Defensive  - 0:00
Total
Forward - 60:00
Defense - 60:00
% Time on Ice - LONG BEACH BARACUDAS
Lines # - Real PCT - Wanted PCT - Time Play
Normal Forward
1 - 36% - 38% - 19:37
2 - 31% - 34% - 16:41
3 - 23% - 18% - 12:45
4 - 10% - 10% - 5:19
Normal Defense
1 - 33% - 36% - 18:07
2 - 29% - 31% - 15:44
3 - 32% - 23% - 17:19
4 - 6% - 10% - 3:12
PP Forward
1 - 43% - 55% - 0:37
2 - 57% - 45% - 0:50
PP Defense
1 - 92% - 55% - 1:20
2 - 8% - 45% - 0:07
PK Forward
1 - 61% - 55% - 1:20
2 - 39% - 45% - 0:52
PK Defense
1 - 58% - 55% - 1:16
2 - 42% - 45% - 0:56
PK3 Forward
1 - 100% - 55% - 1:59
2 - 0% - 45% - 0:00
PK3 Defense
1 - 100% - 55% - 1:59
2 - 0% - 45% - 0:00
44 Forward
1 - 0% - 55%
2 - 0% - 45%
44 Defense
1 - 0% - 55%
2 - 0% - 45%
Last Minute Offensive  - 0:00
Last Minute Defensive  - 0:00
Total
Forward - 60:00
Defense - 60:00
Play-by-Play 1st period 0:01 of 1st period - Jack Eichel wins face-off versus William Karlsson in neutral zone. 0:22 of 1st period - Shot by Alex Tuch. 0:22 of 1st period - Shot Misses the Net. 0:24 of 1st period - Shot by Michael Matheson. 0:24 of 1st period - Stopped by Pyotr Kochetkov without a rebound. 0:25 of 1st period - Ryan O'Reilly wins face-off versus Thomas Novak in LONG BEACH BARACUDAS zone. 0:56 of 1st period - Shot by Ryan O'Reilly. 0:56 of 1st period - Shot Misses the Net. 1:04 of 1st period - Shot by Seth Jarvis. 1:04 of 1st period - Shot Misses the Net. 1:44 of 1st period - Shot by Anthony Beauvillier. 1:44 of 1st period - Stopped by Pyotr Kochetkov without a rebound. 1:45 of 1st period - Jack Eichel wins face-off versus William Karlsson in LONG BEACH BARACUDAS zone. 1:45 of 1st period - Shea Theodore is hit by Alexander Romanov and loses puck. 1:51 of 1st period - Jack Eichel is hit by Alexander Romanov and loses puck. 2:07 of 1st period - Alex Tuch is hit by Alexander Romanov and loses puck. 2:29 of 1st period - Shot by Jack Eichel. 2:29 of 1st period - Shot Misses the Net. 2:31 of 1st period - Shot by Gustav Nyquist. 2:31 of 1st period - Shot Misses the Net. 2:33 of 1st period - Shot by Alex Tuch. 2:33 of 1st period - Deflect By Gustav Nyquist. 2:33 of 1st period - Stopped by Pyotr Kochetkov with a rebound. 2:50 of 1st period - Minor Penalty to Matt Irwin for Tripping. 2:51 of 1st period - Dawson Mercer wins face-off versus Teuvo Teravainen in LONG BEACH BARACUDAS zone. 3:41 of 1st period - Off-side. 3:42 of 1st period - Jack Eichel wins face-off versus Teuvo Teravainen in neutral zone. 4:48 of 1st period - Shot by Dawson Mercer. 4:48 of 1st period - Goal by Dawson Mercer - EDMONTON ICE : 1 - LONG BEACH BARACUDAS : 0. 4:49 of 1st period - Derek Stepan wins face-off versus Thomas Novak in neutral zone. 5:09 of 1st period - Shot by Derek Stepan. 5:09 of 1st period - Stopped by Jonathan Quick with a rebound. 5:25 of 1st period - Zach Whitecloud is hit by Derek Stepan and loses puck. 5:44 of 1st period - Shot by Andreas Athanasiou. 5:44 of 1st period - Shot Blocked by Zach Whitecloud. 7:53 of 1st period - Anton Lundell is hit by Calvin De Haan and loses puck. 8:11 of 1st period - Shot by Anthony Beauvillier. 8:11 of 1st period - Stopped by Pyotr Kochetkov without a rebound. 8:12 of 1st period - Ryan O'Reilly wins face-off versus Thomas Novak in LONG BEACH BARACUDAS zone. 8:12 of 1st period - Ryan O'Reilly is hit by Scott Laughton. 8:24 of 1st period - Shot by Ryan O'Reilly. 8:24 of 1st period - Shot Misses the Net. 8:34 of 1st period - Shot by Scott Laughton. 8:34 of 1st period - Shot Misses the Net. 8:36 of 1st period - Shot by Zach Whitecloud. 8:36 of 1st period - Stopped by Pyotr Kochetkov without a rebound. 8:37 of 1st period - Andreas Athanasiou wins face-off versus Dawson Mercer in LONG BEACH BARACUDAS zone. 9:03 of 1st period - Shot by Taylor Hall. 9:03 of 1st period - Stopped by Jonathan Quick with a rebound. 9:05 of 1st period - Shot by Andreas Athanasiou. 9:05 of 1st period - Shot Hit the Post. 9:07 of 1st period - Shot by Teuvo Teravainen. 9:07 of 1st period - Shot Blocked by Joshua Mahura. 9:53 of 1st period - Shot by Jaden Schwartz. 9:53 of 1st period - Stopped by Jonathan Quick without a rebound. 9:54 of 1st period - Jack Eichel wins face-off versus Derek Stepan in EDMONTON ICE zone. 10:25 of 1st period - Peyton Krebs is hit by Michael Matheson. 10:54 of 1st period - Off-side. 10:55 of 1st period - Evgeny Dadonov wins face-off versus Teuvo Teravainen in neutral zone. 11:50 of 1st period - Shot by Mark Stone. 11:50 of 1st period - Stopped by Jonathan Quick without a rebound. 11:51 of 1st period - Ryan O'Reilly wins face-off versus Dawson Mercer in EDMONTON ICE zone. 11:56 of 1st period - Shot by Jaden Schwartz. 11:56 of 1st period - Shot Blocked by Ryan Graves. 12:22 of 1st period - Dawson Mercer is hit by Scott Harrington and loses puck. 13:22 of 1st period - Shot by Jack Eichel. 13:22 of 1st period - Stopped by Pyotr Kochetkov without a rebound. 13:23 of 1st period - Thomas Novak wins face-off versus William Karlsson in LONG BEACH BARACUDAS zone. 13:35 of 1st period - Icing by Jarred Tinordi. 13:36 of 1st period - Thomas Novak wins face-off versus Teuvo Teravainen in EDMONTON ICE zone. 13:38 of 1st period - Icing by Scott Laughton. 13:39 of 1st period - William Karlsson wins face-off versus Thomas Novak in EDMONTON ICE zone. 13:40 of 1st period - Shot by Kyle Connor. 13:40 of 1st period - Deflect By William Karlsson. 13:40 of 1st period - Stopped by Jonathan Quick with a rebound. 13:54 of 1st period - Shot by Kyle Connor. 13:54 of 1st period - Deflect By William Karlsson. 13:54 of 1st period - Shot Misses the Net. 14:11 of 1st period - Icing by Zach Whitecloud. 14:12 of 1st period - Teuvo Teravainen wins face-off versus Evgeny Dadonov in EDMONTON ICE zone. 14:24 of 1st period - Scott Laughton is hit by Andreas Athanasiou and loses puck. 14:36 of 1st period - Off-side. 14:37 of 1st period - Jack Eichel wins face-off versus William Karlsson in neutral zone. 14:39 of 1st period - Off-side. 14:40 of 1st period - Jack Eichel wins face-off versus Ryan O'Reilly in neutral zone. 14:44 of 1st period - Off-side. 14:45 of 1st period - Ryan O'Reilly wins face-off versus Jack Eichel in neutral zone. 14:48 of 1st period - Shot by Seth Jarvis. 14:48 of 1st period - Shot Blocked by Justin Barron. 14:51 of 1st period - Icing by Justin Barron. 14:52 of 1st period - Ryan O'Reilly wins face-off versus Alex Tuch in EDMONTON ICE zone. 15:06 of 1st period - Shot by Jack Eichel. 15:06 of 1st period - Shot Hit the Post. 15:08 of 1st period - Shot by Jack Eichel. 15:08 of 1st period - Shot Blocked by Jaden Schwartz. 15:10 of 1st period - Shot by Justin Barron. 15:10 of 1st period - Shot Misses the Net. 15:15 of 1st period - Shot by Alex Tuch. 15:15 of 1st period - Shot Misses the Net. 15:25 of 1st period - Shot by Gustav Nyquist. 15:25 of 1st period - Stopped by Pyotr Kochetkov without a rebound. 15:26 of 1st period - Thomas Novak wins face-off versus William Karlsson in LONG BEACH BARACUDAS zone. 15:57 of 1st period - Off-side. 15:58 of 1st period - Ryan O'Reilly wins face-off versus Jack Eichel in neutral zone. 16:01 of 1st period - Shot by Ryan O'Reilly. 16:01 of 1st period - Stopped by Jonathan Quick without a rebound. 16:02 of 1st period - Jack Eichel wins face-off versus Ryan O'Reilly in EDMONTON ICE zone. 16:35 of 1st period - Icing by Ryan O'Reilly. 16:36 of 1st period - Jaden Schwartz wins face-off versus Dawson Mercer in LONG BEACH BARACUDAS zone. 18:02 of 1st period - Icing by Zach Whitecloud. 18:03 of 1st period - Thomas Novak wins face-off versus Teuvo Teravainen in EDMONTON ICE zone. 18:03 of 1st period - Thomas Novak is hit by Taylor Hall. 18:11 of 1st period - Shot by Andreas Athanasiou. 18:11 of 1st period - Shot Misses the Net. 18:13 of 1st period - Shot by Teuvo Teravainen. 18:13 of 1st period - Deflect By Taylor Hall. 18:13 of 1st period - Goal by Taylor Hall - EDMONTON ICE : 1 - LONG BEACH BARACUDAS : 1. 18:14 of 1st period - William Karlsson wins face-off versus Jack Eichel in neutral zone. 18:17 of 1st period - Shot by William Karlsson. 18:17 of 1st period - Shot Misses the Net. 18:28 of 1st period - Alexander Romanov and Justin Barron fight to a draw. 18:28 of 1st period - Penalty to Alexander Romanov for Fighting. 18:28 of 1st period - Penalty to Justin Barron for Fighting. 18:28 of 1st period - Minor Penalty to Calvin De Haan for Elbowing. 18:28 of 1st period - Minor Penalty to Kyle Connor for High sticking. 18:28 of 1st period - Minor Penalty to Alex Tuch for Roughing. 18:28 of 1st period - Minor Penalty to Jack Eichel for Slashing. 18:28 of 1st period - Minor Penalty to Mark Stone for Hooking. 18:29 of 1st period - Dawson Mercer wins face-off versus Derek Stepan in LONG BEACH BARACUDAS zone. 18:30 of 1st period - Shot by Gustav Nyquist. 18:30 of 1st period - Shot Misses the Net. 19:14 of 1st period - Icing by Michael Matheson. 19:15 of 1st period - Dawson Mercer wins face-off versus Jaden Schwartz in EDMONTON ICE zone. 19:42 of 1st period - Icing by Zach Whitecloud. 19:43 of 1st period - Derek Stepan wins face-off versus Thomas Novak in EDMONTON ICE zone. 19:50 of 1st period - Shot by Evgeny Dadonov. 19:50 of 1st period - Stopped by Pyotr Kochetkov without a rebound. 19:51 of 1st period - Jaden Schwartz wins face-off versus Thomas Novak in LONG BEACH BARACUDAS zone. Goals for this period are 1 for EDMONTON ICE vs 1 for LONG BEACH BARACUDAS. Shots for this period are 9 for EDMONTON ICE vs 7 for LONG BEACH BARACUDAS. 2nd period 0:01 of 2nd period - Gustav Nyquist wins face-off versus Jaden Schwartz in neutral zone. 0:30 of 2nd period - Shot by Evgeny Dadonov. 0:30 of 2nd period - Stopped by Pyotr Kochetkov with a rebound. 0:43 of 2nd period - Thomas Novak is hit by Calvin De Haan and loses puck. 1:30 of 2nd period - Anton Lundell is hit by Matt Irwin and loses puck. 1:42 of 2nd period - Minor Penalty to Matt Irwin for Holding. 1:43 of 2nd period - Jack Eichel wins face-off versus Andreas Athanasiou in LONG BEACH BARACUDAS zone. 1:50 of 2nd period - Shot by Andreas Athanasiou. 1:50 of 2nd period - Stopped by Jonathan Quick without a rebound. 1:51 of 2nd period - Jack Eichel wins face-off versus William Karl